Map: Deathaura LE

Players

Throwfordays - Winner!

  • Race: Protoss Protoss
  • League: Bronze
  • Spawn Location: 11:00

VOD

Have the link to the VOD?

Description

Time

  • Played on: June 25, 2020, 2:14 p.m.
  • Length: 7:42
Show
View Real Time Build Order
Export as new Build Order

Throwfordays Protoss - Winner!

Build Orders:  

Get SALT Encoding   

  12  0:04  Probe (Chrono Boost)  
  14  0:21  Probe (Chrono Boost)  
  14  0:26  Pylon  
  14  0:38  Probe (Chrono Boost)  
  15  0:55  Probe (Chrono Boost)  
  16  1:04  Gateway  
  16  1:12  Probe (Chrono Boost)  
  17  1:27  Assimilator  
  18  1:32  Probe (Chrono Boost)  
  19  1:51  Probe (Chrono Boost)  
  19  2:02  Nexus  
  19  2:08  Probe (Chrono Boost)  
  20  2:22  Pylon  
  20  2:31  Cybernetics Core  
  20  2:38  Probe (Chrono Boost)  
  21  3:04  Assimilator  
  21  3:08  Probe (Chrono Boost)  
  22  3:17  Gateway  
  22  3:25  Probe (Chrono Boost)  
  24  3:40  Probe (Chrono Boost)  
  24  3:41  Probe (Chrono Boost)  
  25  3:51  Probe (Chrono Boost)  
  27  4:00  Probe (Chrono Boost)  
  27  4:05  Warp Gate, Probe (Chrono Boost)  
  28  4:14  Gateway  
  28  4:15  Gateway  
  28  4:17  Probe (Chrono Boost)  
  29  4:23  Probe (Chrono Boost)  
  30  4:34  Probe (Chrono Boost)  
  32  4:40  Probe (Chrono Boost)  
  33  4:51  Probe (Chrono Boost)  
  33  4:56  Pylon  
  33  5:14  Probe (Chrono Boost)  
  34  5:22  Probe (Chrono Boost)  
  34  5:23  Robotics Facility  
  34  5:25  Probe (Chrono Boost)  
  36  5:39  Probe x2 (Chrono Boost)  
  37  5:42  Adept x4  
  46  5:56  Probe x2 (Chrono Boost)  
  48  6:03  Assimilator  
  48  6:04  Unknown x4  
  48  6:08  Assimilator  
  48  6:33  Stalker x2  
  48  6:34  Stalker  
  48  6:39  Pylon  
Tags
 
League
Bronze
Matchup
Co-op
Replay Pack
Multiplayer
Add a new tag
Caveats
  • Supply blocks, unpowered buildings, or Contaminate may cause inaccurate times.
  • Supply counts are checked every 10 seconds.